 Dungeon Crawl Stone Soup version 0.30.0-29-ga12c61a403 (webtiles) character file.

Game seed: 16841748945825027145

23823 monsoonserge the Protected (level 13, -1/114 HPs)
             Began as a Meteoran Monk on June 14, 2023.
             Was a High Priest of Nemelex Xobeh.
             Engulfed by a cloud of flame (22 damage)
             ... in a volcano.
             The game lasted 01:25:26 (6779 turns).

monsoonserge the Protected (Meteoran Monk)          Turns: 6779, Time: 01:25:26

Health: -1/114     AC: 10    Str: 13    XL:     13   Next: 72%
Magic:  29/29      EV: 20    Int: 14    God:    Nemelex Xobeh [*****.]
Gold:   912        SH:  7    Dex: 20    Spells: 15/17 levels left

rFire   . . .        F - +6 dagger "Curusm" {drain, rElec rCorr MP+9 Stlth+}
rCold   . . .        o - +0 buckler
rNeg    + + .        u - +0 ring mail "Esseopt" {rN++ Stlth+}
rPois   .            n - +0 helmet
rElec   +            (no cloak)
rCorr   +            B - +0 pair of gloves
SInv    .            (no boots)
Will    +....        (no amulet)
Stlth   ++           T - +5 ring of evasion
HPRegen 0.39/turn    h - ring of flight
MPRegen 0.21/turn

%: no passive effects
@: flying, glowing
A: sense surroundings 2, otherworldly, glowing, explore regen
a: Renounce Religion, Draw Escape, Draw Destruction, Draw Summoning, Triple
Draw, Deal Four, Stack Five


You were in a volcano.
You worshipped Nemelex Xobeh.
Nemelex Xobeh was extremely pleased with you.
You visited 2 branches of the dungeon, and saw 13 of its levels.
You also visited: Ossuary, Gauntlet and Volcano.

You collected 912 gold pieces.

Inventory:

Hand Weapons
 a - a +2 long sword of protection
 d - a +2 short sword of speed
 F - the +6 dagger "Curusm" (weapon) {drain, rElec rCorr MP+9 Stlth+}
   (You found it on level 5 of the Dungeon)

   rElec:     It insulates you from electricity.
   MP:        It affects your magic capacity (+9).
   rCorr:     It protects you from acid and corrosion.
   Stlth:     It makes you more stealthy.
 N - a +2 short sword of electrocution
 U - the +0 quick blade of Paunn {flame, Str+3 Int+3}
   (You took it off a minotaur in a Gauntlet)

   Str:       It affects your strength (+3).
   Int:       It affects your intelligence (+3).
Missiles
 k - 15 boomerangs
 J - 30 poisoned darts (quivered)
 K - 5 atropa-tipped darts
 M - 5 javelins
 Q - 4 curare-tipped darts
 V - 6 silver javelins
Armour
 j - +0 acid dragon scales
 n - a +0 helmet (worn)
 o - a +0 buckler (worn)
 u - the +0 ring mail "Esseopt" (worn) {rN++ Stlth+}
   (You found it on level 3 of the Lair of Beasts)

   rN:        It greatly protects you from negative energy.
   Stlth:     It makes you more stealthy.
 B - a +0 pair of gloves (worn)
 R - +0 steam dragon scales
 W - a +1 chain mail of cold resistance
Jewellery
 h - a ring of flight (right hand)
 p - a +6 ring of strength
 T - a +5 ring of evasion (left hand)
Wands
 t - a wand of quicksilver (5)
 v - a wand of mindburst (27)
 O - a wand of roots (14)
 X - a wand of digging (3)
 Y - a wand of paralysis (3)
Scrolls
 i - a scroll of magic mapping {unknown}
 m - 3 scrolls of poison
 q - 5 scrolls of teleportation {unknown}
 r - a scroll of immolation {unknown}
 s - 3 scrolls of amnesia {unknown}
 y - 2 scrolls of fear {unknown}
 z - 3 scrolls of vulnerability {unknown}
 D - 2 scrolls of silence {unknown}
 G - 2 scrolls of enchant armour
 I - 3 scrolls of enchant weapon
 P - a scroll of summoning {unknown}
 Z - a scroll of noise {unknown}
Potions
 b - 4 potions of haste
 c - 5 potions of ambrosia
 e - 7 potions of lignification
 f - 3 potions of berserk rage
 g - a potion of heal wounds
 l - 2 potions of brilliance
 w - a potion of resistance {unknown}
 A - 4 potions of curing
 E - 2 potions of flight {unknown}
 H - 4 potions of mutation
 S - 2 potions of cancellation {unknown}
Miscellaneous
 C - a phial of floods


   Skills:
 + Level 10.6 Fighting
 + Level 11.1(11.3) Short Blades
 + Level 4.0(8.7) Long Blades
 + Level 6.9 Throwing
 + Level 11.3 Armour
 + Level 8.5 Dodging
 + Level 1.3 Stealth
 * Level 7.5 Shields
 * Level 2.9 Spellcasting
 * Level 4.5 Summonings
 - Level 9.0 Invocations
 + Level 3.0 Evocations


You had 15 spell levels left.
You knew the following spells:

 Your Spells              Type           Power      Damage    Failure   Level
a - Call Imp              Summ           28%        N/A       12%         2

Your spell library contained the following spells:

 Spells                   Type           Power      Damage    Failure   Level
 Magic Dart               Conj           8%         1d3       45%         1
 Gell's Gravitas          Tloc           2%         N/A       83%         3
 Mephitic Cloud           Conj/Pois/Air  2%         N/A       83%         3
 Ozocubu's Armour         Ice            2%         N/A       83%         3
 Teleport Other           Tloc           2%         N/A       83%         3
 Dispersal                Tloc           1%         N/A       100%        6
 Ozocubu's Refrigeration  Ice            1%         4d7       100%        7


Dungeon Overview and Level Annotations

Branches:
Dungeon (10/15) Zot: 2238  Temple (0/1) D:5            Lair (3/5) D:9 Zot: 460
  Swamp (0/4) Lair:3      Ossuary (visited)         Volcano (1/1) Zot: 377
Gauntlet (visited)
  Snake: Lair:2-3    Spider: Lair:2-3       Orc: D:9-12

Altars:
Ashenzari
Fedhas
Hepliaklqana
Kikubaaqudgha
Nemelex Xobeh
Okawaru
Uskayaw
Zin
Jiyva

Shops:
D:9 =*(

Annotations:
D:8 2 transporters


Innate Abilities, Weirdness & Mutations

You passively map the area around you.
You are easily found by Zot.
You glow in the dark.
You regain HP and MP as you explore.


Message History

The lava snake spits lava at you. You block the glob of lava.
The lava snake hisses angrily.
You barely miss the lava snake. The fire bat bites you.
* * * LOW HITPOINT WARNING * * *
You are engulfed in flames!
* * * LOW HITPOINT WARNING * * *
The fire bat completely misses you.
You miss the lava snake. You block the lava snake's attack.
You closely miss the lava snake.
The fire bat bites you but does no damage. x2
You hit the lava snake. You drain the lava snake.
The lava snake is heavily wounded.
The fire bat bites you.
* * * LOW HITPOINT WARNING * * *
You are engulfed in flames!
* * * LOW HITPOINT WARNING * * *
The lava snake bites you but does no damage.
The lava snake spits lava at you. You block the glob of lava.
You feel much better.
The air gets thick with the scent of sulphur.
The fire bat barely misses you. The lava snake spits lava at you.
The glob of lava misses you.
You draw a card...
You have drawn the Elements.
The fire bat bites you.
* * * LOW HITPOINT WARNING * * *
You are engulfed in flames.
* * * LOW HITPOINT WARNING * * *
The lava snake completely misses you. You block the fire bat's attack.
The fire bat completely misses you.
Your raiju bursts into living lightning!
The living lightning misses the lava snake.
Your ice beast barely misses the fire bat.
The lava snake attacks as you move away!
The lava snake misses you.
The volcano roars to life, belching forth lava!
You are engulfed in blazing flames.
You die...
Your body glows with a rainbow of weird colours and disappears.

.§.....§..................§......
..≈§.≈≈≈≈≈≈≈§≈≈≈≈≈≈.☼☼○.≈≈§§.....
§≈§≈§≈§≈≈§≈≈≈§§§§§§§○°≈§≈§≈≈§≈§..
≈≈§§§≈§§§§§≈§§§§§§§§○§§☼≈≈≈§≈§§≈§
§§≈§§≈≈≈≈≈§≈§§≈§§§○○☼§§§§≈≈≈§≈§§≈
≈≈≈≈≈≈≈≈≈≈≈≈§§§§○☼☼☼○○§§≈≈≈§≈≈≈≈≈
§≈§≈≈≈≈§§§§§§○§○○○§☼○☼§§≈≈≈§§≈≈≈≈
§≈≈≈≈≈§§≈§☼§☼☼☼○b○S○S°☼○≈§§≈§≈≈≈≈
≈≈≈≈≈§≈≈§≈§○☼○§○@Y○§☼○○☼≈§~ ≈≈§§§
≈≈≈§≈....○○☼○☼§☼§☼l○h○☼☼≈≈ ~ ≈≈≈
≈≈§≈.#################☼☼§≈ ~ ~~ ≈
≈≈≈..#, , +.....+, .≈≈ ≈ §≈≈≈.# ∩
#.8_8.#, , §≈ ~ § §≈§§§# #OO)..#
, , § ~ § ≈≈§§.###++# #)#** + * ~
§ ≈≈§..#..... #§# , * ~~ §
≈3≈≈.##### #3#, , ~


You could see a fire bat (ally target), 2 lava snakes, a friendly raiju
(summoned), a friendly basilisk (summoned) and a friendly ice beast (summoned).

Vanquished Creatures
  3 hydras
  2 catoblepae (Lair:1)
  Sonja (Lair:1)
  A manticore (D:9)
  An oklob plant (Gauntlet)
  An ugly thing (D:9)
  6 elephants (Lair:3)
  Maurice (D:9)
  2 black mambas
  5 cane toads
  A rime drake (Lair:2)
  5 komodo dragons
  A tengu conjurer (D:10)
  Maggie (Lair:1)
  2 hornets (Gauntlet)
  A polar bear (Lair:1)
  9 blink frogs
  10 yaks
  A wyvern (Lair:2)
  A fire bat (Volcano)
  3 large abominations (Gauntlet)
  A basilisk (Lair:2)
  2 steam dragons
  3 small abominations (Gauntlet)
  7 water moccasins
  2 acid dragons (Gauntlet)
  3 orc warriors
  A black bear (Lair:1)
  2 ice beasts
  A sky beast (D:6)
  A phantom (D:4)
  An ogre (D:5)
  2 elf zombies (Ossuary)
  3 kobold brigands
  Blork the orc (D:6)
  4 bullfrogs
  2 scorpions
  3 gnoll sergeants
  3 wights (D:8)
  4 killer bees (D:9)
  3 electric eels (Lair:2)
  A howler monkey (D:5)
  5 lava snakes (Volcano)
  4 human zombies (Ossuary)
  A cerulean imp (Lair:3)
  A centaur zombie (Ossuary)
  2 jellies
  A gnoll bouda (D:7)
  2 hounds (D:5)
  6 orc priests
  6 iguanas
  Jessica (D:2)
  8 orc wizards
  8 hell rats
  Natasha (thrice) (D:3)
  2 mummies (Ossuary)
  Robin (D:3)
  15 gnolls
  6 adders
  16 river rats
  A shadow imp (D:8)
  A worm (D:3)
  2 dart slugs
  29 orcs
  9 endoplasms
  3 giant cockroaches
  5 hobgoblins
  6 jackals
  7 quokkas
  6 ball pythons
  11 bats
  2 frilled lizards
  13 goblins
  2 goblin zombies (Ossuary)
  7 hobgoblin zombies (Ossuary)
  16 kobolds
  8 kobold zombies (Ossuary)
  13 orc zombies (Ossuary)
  22 rats
359 creatures vanquished.

Vanquished Creatures (collateral kills)
  A minotaur (Gauntlet)
  2 two-headed ogres (Volcano)
  A salamander (Lair:2)
  A komodo dragon (Lair:2)
  A scorpion (Lair:2)
  A wight (D:8)
  An electric eel (Lair:2)
  A kobold (D:8)
9 creatures vanquished.

Vanquished Creatures (others)
  A sleepcap (D:6)
  A goblin (D:3)
2 creatures vanquished.

Grand Total: 370 creatures vanquished

Notes
Turn   | Place    | Note
-------+----------+-------------------------------------------
     0 | D:1      | monsoonserge the Meteoran Monk began the quest for the Orb.
     0 | D:1      | Reached XP level 1. HP: 19/19 MP: 2/2
    71 | D:1      | Reached XP level 2. HP: 22/26 MP: 3/3
   249 | D:1      | Reached XP level 3. HP: 30/33 MP: 4/4
   501 | D:1      | Glimpsed the power of Zot.
   648 | D:2      | Noticed Jessica
   657 | D:2      | Killed Jessica
   658 | D:2      | Reached skill level 1 in Short Blades
   658 | D:2      | Reached XP level 4. HP: 40/40 MP: 5/5
   677 | D:2      | Noticed a scorpion
   687 | D:2      | Killed a scorpion
   688 | D:2      | Reached skill level 1 in Armour
   688 | D:2      | Reached XP level 5. HP: 14/47 MP: 6/6
   952 | D:3      | Noticed Natasha
   961 | D:3      | Killed Natasha
   962 | D:3      | Reached XP level 6. HP: 26/53 MP: 7/7
   976 | D:3      | Noticed Natasha
   983 | D:3      | Killed Natasha
  1148 | D:3      | Reached XP level 7. HP: 56/60 MP: 8/8
  1240 | D:3      | Noticed Natasha
  1241 | D:3      | Noticed Robin
  1271 | D:3      | Killed Natasha
  1304 | D:3      | Killed Robin
  1305 | D:3      | Reached skill level 5 in Fighting
  1476 | D:4      | Reached skill level 5 in Dodging
  1676 | D:5      | Entered Level 5 of the Dungeon
  1694 | D:5      | Reached skill level 1 in Throwing
  1773 | D:5      | Reached XP level 8. HP: 22/68 MP: 9/9
  1829 | D:5      | Found a sparkling altar of Nemelex Xobeh.
  1830 | D:5      | Found a glowing silver altar of Zin.
  1831 | D:5      | Found an ancient bone altar of Kikubaaqudgha.
  1831 | D:5      | Found a broken altar of Ashenzari.
  1840 | D:5      | Became a worshipper of Nemelex Xobeh the Trickster
  1840 | D:5      | Reached * piety under Nemelex Xobeh
  1840 | D:5      | Received a gift from Nemelex Xobeh
  1840 | D:5      | Reached ** piety under Nemelex Xobeh
  1902 | D:5      | Reached skill level 5 in Short Blades
  1974 | D:5      | Reached skill level 1 in Invocations
  1995 | D:5      | Identified the +6 dagger "Curusm" {drain, rElec rCorr MP+9
                  | Stlth+}
  2046 | D:5      | Found a staircase to the Ecumenical Temple.
  2323 | D:6      | Noticed Blork the orc
  2334 | D:6      | Gained mutation: You passively map the area around you.
                  | [Meteoran growth]
  2334 | D:6      | Reached XP level 9. HP: 31/75 MP: 12/12
  2339 | D:6      | Killed Blork the orc
  2340 | D:6      | Reached skill level 5 in Armour
  2430 | D:6      | Found a sand-covered staircase.
  2439 | Ossuary  | Entered an ossuary
  2663 | Ossuary  | Reached skill level 1 in Evocations
  3238 | D:8      | Noticed a slime creature
  3242 | D:8      | Noticed a slime creature
  3245 | D:8      | Noticed a slime creature
  3260 | D:8      | Found a transporter.
  3288 | D:8      | Reached XP level 10. HP: 39/69 MP: 14/14
  3291 | D:8      | Found a transporter.
  3291 | D:8      | Found a viscous altar of Jiyva.
  3291 | D:8      | Noticed a glowing orange brain
  3299 | D:8      | Reached skill level 5 in Invocations
  3307 | D:8      | Received a gift from Nemelex Xobeh
  3312 | D:8      | Reached *** piety under Nemelex Xobeh
  3347 | D:8      | Found a hide-covered altar of Uskayaw.
  3754 | D:8      | Found a hazy altar of Hepliaklqana.
  3778 | D:9      | Found an iron altar of Okawaru.
  3784 | D:9      | Found a blossoming altar of Fedhas.
  3797 | D:9      | Noticed Maurice
  3806 | D:9      | Paralysed by Maurice for 4 turns
  3816 | D:9      | Paralysed by Maurice for 2 turns
  3820 | D:9      | Killed Maurice
  3821 | D:9      | Reached skill level 1 in Shields
  3857 | D:9      | Found Otylonna's Jewellery Shoppe.
  3978 | D:9      | Found Hemmob Surph's Weapon Shop.
  4060 | D:9      | Reached XP level 11. HP: 80/94 MP: 17/17
  4076 | D:9      | Noticed a four-headed hydra
  4088 | D:9      | Killed a four-headed hydra
  4098 | D:9      | Received a gift from Nemelex Xobeh
  4098 | D:9      | Noticed a white ugly thing
  4107 | D:9      | Killed a white ugly thing
  4121 | D:9      | Found Ismoz's General Store.
  4128 | D:9      | Noticed a manticore
  4136 | D:10     | Entered Level 10 of the Dungeon
  4191 | D:9      | Killed a manticore
  4218 | D:9      | Reached skill level 10 in Short Blades
  4273 | D:9      | Found a staircase to the Lair.
  4369 | Lair:1   | Entered Level 1 of the Lair of Beasts
  4381 | Lair:1   | Noticed Sonja
  4402 | Lair:1   | Killed Sonja
  4402 | Lair:1   | HP: 4/97 [poisoned by Sonja (curare-tipped dart)]
  4448 | Lair:1   | Noticed an eight-headed hydra
  4473 | Lair:1   | Killed an eight-headed hydra
  4489 | Lair:1   | Reached skill level 10 in Armour
  4503 | Lair:1   | Noticed Maggie
  4522 | Lair:1   | Killed Maggie
  4523 | Lair:1   | Reached XP level 12. HP: 46/104 MP: 18/18
  4613 | Lair:1   | Noticed a catoblepas
  4634 | Lair:1   | Killed a catoblepas
  4746 | Lair:1   | Reached skill level 5 in Throwing
  4772 | Lair:1   | Reached **** piety under Nemelex Xobeh
  4775 | Lair:1   | Received a gift from Nemelex Xobeh
  4866 | Lair:1   | Learned a level 2 spell: Call Imp
  4875 | Lair:1   | Noticed a catoblepas
  4905 | Lair:1   | Killed a catoblepas
  4940 | Lair:1   | Glimpsed the power of Zot.
  4973 | Lair:1   | Reached skill level 1 in Spellcasting
  4973 | Lair:1   | Reached skill level 1 in Summonings
  5004 | Lair:1   | Glimpsed the power of Zot.
  5032 | Lair:2   | Reached skill level 5 in Shields
  5066 | Lair:2   | Found a gate leading to a gauntlet.
  5077 | Gauntlet | Entered a Gauntlet
  5077 | Gauntlet | Found a transporter.
  5077 | Gauntlet | Found a transporter.
  5084 | Gauntlet | Noticed a fire crab
  5091 | Gauntlet | Found a transporter.
  5106 | Gauntlet | Found a transporter.
  5119 | Gauntlet | Noticed a sixfirhy
  5156 | Gauntlet | Found a transporter.
  5168 | Gauntlet | Found a transporter.
  5171 | Gauntlet | Received a gift from Nemelex Xobeh
  5191 | Gauntlet | Reached skill level 1 in Stealth
  5192 | Gauntlet | Found a large runed translucent door.
  5192 | Gauntlet | Found a large runed translucent door.
  5194 | Gauntlet | Found a large runed translucent door.
  5194 | Gauntlet | Found a large runed translucent door.
  5202 | Gauntlet | Found a transporter.
  5206 | Gauntlet | Found a large runed translucent door.
  5206 | Gauntlet | Found a large runed translucent door.
  5206 | Gauntlet | Found a runed translucent door.
  5206 | Gauntlet | Found a runed translucent door.
  5207 | Gauntlet | Found a large runed translucent door.
  5208 | Gauntlet | Found a large runed translucent door.
  5209 | Gauntlet | Found a large runed translucent door.
  5209 | Gauntlet | Found a large runed translucent door.
  5210 | Gauntlet | Found a large runed translucent door.
  5210 | Gauntlet | Found a large runed translucent door.
  5211 | Gauntlet | Found a large runed translucent door.
  5211 | Gauntlet | Found a large runed translucent door.
  5212 | Gauntlet | Found a large runed translucent door.
  5212 | Gauntlet | Found a large runed translucent door.
  5234 | Gauntlet | Found a runed translucent gate.
  5234 | Gauntlet | Found a runed translucent gate.
  5234 | Gauntlet | Found a runed translucent gate.
  5235 | Gauntlet | Found a transporter.
  5258 | Gauntlet | Found a transporter.
  5259 | Gauntlet | Found a transporter.
  5267 | Gauntlet | Found a transporter.
  5304 | Gauntlet | Found a transporter.
  5396 | Gauntlet | Noticed a ghost crab
  5614 | Gauntlet | Identified the +0 quick blade of Paunn {flame, Str+3 Int+3}
  5614 | Gauntlet | Noticed a minotaur
  5626 | Gauntlet | Killed a minotaur
  5632 | Gauntlet | Glimpsed the power of Zot.
  5698 | Lair:2   | Reached XP level 13. HP: 102/113 MP: 20/20
  5706 | Lair:2   | Reached ***** piety under Nemelex Xobeh
  5776 | Lair:2   | Received a gift from Nemelex Xobeh
  5849 | Lair:2   | Noticed an eight-headed hydra
  5861 | Lair:2   | Reached skill level 10 in Fighting
  5863 | Lair:2   | Killed an eight-headed hydra
  6506 | Lair:3   | Identified the +0 ring mail "Esseopt" {rN++ Stlth+}
  6527 | Lair:3   | Found a dark tunnel.
  6539 | Volcano  | Entered a volcano
  6584 | Volcano  | Received a gift from Nemelex Xobeh
  6719 | Volcano  | Found a bloodstained altar of Trog.
  6719 | Volcano  | Noticed a two-headed ogre
  6719 | Volcano  | Noticed an ogre mage
  6719 | Volcano  | Noticed a two-headed ogre
  6719 | Volcano  | Noticed a two-headed ogre
  6727 | Volcano  | Killed a two-headed ogre
  6728 | Volcano  | Killed a two-headed ogre
  6779 | Volcano  | Engulfed by a cloud of flame

Illustrated notes

Levels and vault maps discovered:
D:1:      giann_wishing_wells, layout_basic, minmay_hexomino_u4
D:2:      layout_basic, grunt_ministairs_12, uniq_jessica
D:3:      cheibrodos_pilgrimage, layout_loops_ring, corexii_leaking_fountain,
          uniq_robin, uniq_natasha
D:4:      layout_rooms, kennysheep_windowed_goal
D:5:      lemuel_ratsnest, layout_rooms, mainiacjoe_overflow_alcove_3,
          minmay_temple_entry_poolview
D:6:      layout_rooms, enter_ossuary_1, lemuel_flame_loot_1, uniq_blork_the_orc
D:7:      layout_rooms, chequers_serial_rivers_micro_c, serial_bayou_lagoon_a,
          nrook_campfire
D:8:      gammafunk_jiyva_shrine, layout_cave_pools,
          mainiacjoe_overflow_boulevard, kennysheep_little_box,
          serial_column_ruins, column_ruins_hut_ruined,
          column_ruins_hut_pillars, column_ruins_grid_1, column_ruins_open_tiny,
          column_ruins_columns_straight, column_ruins_open_tiny,
          column_ruins_open_tiny
D:9:      minmay_bloctagon_deflated, layout_basic, lemuel_crystal_altar,
          general_overflow_altar, david_lair_shrubbed, serial_shops, shop,
          nicolae_square_shop, shop, shop, uniq_maurice
D:10:     layout_irregular_city, slow_altar_1, lightli_minifort
Lair:1:   layout_roguey, kennysheep_abandoned_house, uniq_sonja, uniq_urug,
          uniq_maggie
Lair:2:   layout_regular_city, nicolae_snake_entry_warm_welcome,
          gauntlet_entry_generic, st_stairs_4, serial_bayou_lake_a
Lair:3:   layout_hall_layers, nicolae_swamp_entry_splash_gauntlet,
          lightli_volcano_entry_magma_tube, bobbens_dragon_lair_wall,
          infiniplex_staircase_pool
Volcano:  volcano_lake [vl_original]

Skill      XL: |  1  2  3  4  5  6  7  8  9 10 11 12 13 |
---------------+----------------------------------------+-----
Long Blades    | 4 |  4.0
Dodging        | 4 5 6 7 8 |  8.5
Fighting       | 4 5 7 8 9 10 | 10.6
Short Blades   | 1 2 3 4 6 8 9 10 11 | 11.1
Armour         | 1 2 3 4 5 7 10 11 | 11.3
Throwing       | 1 2 4 5 6 |  6.9
Invocations    | 3 4 7 8 9 |  9.0
Evocations     | 1 3 |  3.0
Shields        | 1 3 5 7 |  7.5
Spellcasting   | 2 |  2.9
Summonings     | 2 4 |  4.5
Stealth        | 1 |  1.3

Action                     |  1- 3 |  4- 6 |  7- 9 | 10-12 | 13-15 || total
---------------------------+-------+-------+-------+-------+-------++-------
  Melee: Falchion          |    20 |       |       |       |       ||    20
         Dagger            |    64 |    90 |   532 |   608 |   319 ||  1613
         Short sword       |       |       |       |    36 |       ||    36
  Throw: Boomerang         |       |       |    15 |    36 |     3 ||    54
         Dart              |       |       |       |    24 |     5 ||    29
 Invoke: Draw Destruction  |       |       |     3 |     8 |     6 ||    17
         Draw Summoning    |       |       |     1 |     5 |     4 ||    10
         Draw Escape       |       |       |       |     1 |       ||     1
  Evoke: Wand              |       |       |       |     4 |       ||     4
    Use: Potion            |       |     1 |     2 |       |     1 ||     4
         Scroll            |       |       |     7 |     2 |     1 ||    10
 Armour: Robe              |    10 |       |       |       |       ||    10
         Chain mail        |    29 |    40 |   192 |   119 |    46 ||   426
         Steam dragon scal |       |       |       |    29 |     3 ||    32
         Ring mail         |       |       |       |       |     9 ||     9
  Dodge: Dodged            |    46 |    30 |   122 |   168 |   131 ||   497
  Block: Buckler           |       |       |       |    94 |    58 ||   152
